 Dungeon Crawl Stone Soup version 0.31-a0-321-g19405a7a6a (webtiles) character file.

Game seed: 2300284665932306863

162 billz999 the Sneak (level 5, -1/42 HPs)
             Began as a Formicid Delver on July 18, 2023.
             Slain by a gnoll
             ... wielding a +0 spear
             ... led by a gnoll bouda
              (8 damage)
             ... on level 4 of the Dungeon.
             The game lasted 00:06:24 (698 turns).

billz999 the Sneak (Formicid Delver)                 Turns: 698, Time: 00:06:26

Health: -1/42      AC:  3    Str: 18    XL:     5   Next: 71%
Magic:  5/5        EV:  6    Int: 10    God:
Gold:   0          SH:  0    Dex: 15    Spells: 4/4 levels left

rFire   . . .        b - +0 arbalest
rCold   . . .        (no shield)
rNeg    . . .        u - +0 leather armour
rPois   .            (helmet unavailable)
rElec   .            (no cloak)
rCorr   .            (no gloves)
SInv    +            (no boots)
Will    .....        n - amulet of regeneration
Stlth   +++          (no ring)
HPRegen 1.07/turn    (no ring)
MPRegen 0.09/turn

%: no passive effects
@: weakened, held
A: permanent stasis, dig shafts and tunnels, antennae 3, four strong arms
a: Dig, Shaft Self


You were on level 4 of the Dungeon.
You visited 1 branch of the dungeon, and saw 3 of its levels.
You also visited: Sewer.

Inventory:

Hand Weapons
 a - a +0 mace
 b - a +0 arbalest (weapon)
 j - a +0 giant spiked club
Armour
 u - a +0 leather armour (worn)
Jewellery
 n - an amulet of regeneration (around neck)
Talismans
 m - a beast talisman
Wands
 f - a wand of digging (3)
 g - a wand of mindburst (9)
 v - a wand of polymorph (7)
Scrolls
 c - 2 scrolls of fog
 d - a scroll of revelation
 e - a scroll of fear
 i - a scroll of vulnerability {unknown}
 k - a scroll of amnesia {unknown}
 l - 3 scrolls of identify {unknown}
 o - a scroll of teleportation {unknown}
 s - a scroll of enchant weapon {unknown}
Potions
 h - a potion of curing
 p - a potion of resistance {unknown}
 q - a potion of enlightenment {unknown}
 r - a potion of invisibility {unknown}
 t - a potion of mutation {unknown}


   Skills:
 + Level 4.3 Fighting
 * Level 3.9 Maces & Flails
 + Level 0.0 Ranged Weapons
 + Level 2.8 Dodging
 - Level 6.0 Stealth
 + Level 1.1 Evocations


You had 4 spell levels left.
You didn't know any spells.
Your spell library was empty.

Dungeon Overview and Level Annotations

Branches:
Dungeon (5/15)              Sewer (visited)
 Temple: D:4-7

Altars:

Annotations:
D:3 Robin


Innate Abilities, Weirdness & Mutations

You cannot be hasted, slowed, berserked, paralysed or teleported.
You can dig through walls and to a lower floor.
You have a pair of large antennae on your head. (SInv)
Your four strong arms can wield two-handed weapons with a shield.


Message History

You tear a large gash into the net.
The gnoll hits you from afar with a +0 spear.
A gnoll comes into view. It is wielding a +0 spear.
You struggle against the net.
The gnoll bouda shouts!
The gnoll barely misses you. The gnoll hits you with a +0 club.
You rip the net and break free!
The gnoll closely misses you.
The gnoll hits you from afar with a +0 spear!
The gnoll attacks as you move away! The gnoll hits you with a +0 club!
The gnoll throws a throwing net.
The throwing net hits you.
You become entangled in the net!
You see here a throwing net.
You struggle against the net.
The gnoll hits you from afar with a +0 spear.
You struggle against the net.
The gnoll hits you from afar with a +0 spear.
The gnoll hits you with a +0 club.
You struggle against the net.
The gnoll hits you from afar with a +0 spear.
The gnoll hits you with a +0 club.
* * * LOW HITPOINT WARNING * * *
You rip the net and break free!
An endoplasm comes into view.
The gnoll hits you but does no damage. The gnoll hits you with a +0 club!
* * * LOW HITPOINT WARNING * * *
The gnoll bouda barks out a call to the hunt!
The gnolls pick up the pace!
The gnoll hits you but does no damage. The gnoll barely misses you.
The gnoll hits you from afar with a +0 spear.
* * * LOW HITPOINT WARNING * * *
It was a potion of curing.
You feel better.
The gnoll bouda gazes fiercely through you!
You feel your attacks grow feeble.
The gnoll throws a throwing net.
The throwing net hits you.
You become entangled in the net!
The gnoll hits you with a +0 club.
* * * LOW HITPOINT WARNING * * *
The gnoll hits you from afar with a +0 spear!
You die...

##.[.##....#
#..........#
#..g.J....#
#....#
#g...#
#g...#
#gg..#
#.g..#
#@...#
#....#
##..).#
#.....#
#.....#
##....# ###
#....#
##...#....#
#....#....#


You could see a gnoll bouda, 4 gnolls and an endoplasm.

Vanquished Creatures
  An ogre (D:5)
  4 adders (Sewer)
  A river rat (D:4)
  3 worms (Sewer)
  An endoplasm (Sewer)
  3 giant cockroaches
  A goblin (D:4)
  3 ball pythons
  9 kobolds
  6 rats
32 creatures vanquished.

Notes
Turn   | Place    | Note
-------+----------+-------------------------------------------
     0 | D:5      | billz999 the Formicid Delver began the quest for the Orb.
     0 | D:5      | Reached XP level 1. HP: 18/18 MP: 1/1
     3 | D:5      | Noticed an ogre
    15 | D:5      | Killed an ogre
    16 | D:5      | Reached XP level 2. HP: 25/25 MP: 2/2
    16 | D:5      | Reached XP level 3. HP: 30/30 MP: 3/3
    16 | D:5      | Reached XP level 4. HP: 37/37 MP: 4/4
   135 | D:3      | Noticed Robin
   141 | D:4      | Reached XP level 5. HP: 6/42 MP: 5/5
   185 | D:4      | Found a glowing drain.
   200 | Sewer    | Entered a sewer
   387 | Sewer    | Reached skill level 1 in Evocations
   697 | D:4      | HP: 2/42 [gnoll/+0 spear[a gnoll bouda] (4)]
   698 | D:4      | Slain by a gnoll

Illustrated notes

Levels and vault maps discovered:
D:3:      layout_basic, grunt_decor_arrowhead, minmay_fractal_squares_gapless_5,
          uniq_robin
D:4:      layout_gridville, nicolae_yredelemnul_corpse_copse,
          portal_sewer_entry_e, minmay_misc_feat_ornament
D:5:      layout_gridville, temple_hall, chequers_serial_rivers_micro_b,
          st_stairs_7

Skill      XL: |  1  2  3  4  5 |
---------------+----------------+-----
Fighting       | 4 |  4.3
Maces & Flails | 3 |  3.9
Dodging        | 2 |  2.8
Evocations     | 1 |  1.1
Stealth        | |  6.0

Action                     |  1- 3 |  4- 6 || total
---------------------------+-------+-------++-------
  Melee: Mace              |       |   110 ||   110
         Giant spiked club |       |     6 ||     6
         Punch             |       |     1 ||     1
   Fire: Arbalest          |       |     2 ||     2
  Evoke: Wand              |     2 |     1 ||     3
    Use: Potion            |       |     1 ||     1
 Armour: Leather armour    |       |    46 ||    46
  Dodge: Dodged            |       |   117 ||   117

Table legend: (Time is in decaauts)
 A = Elapsed time spent in this place.
 B = Non-inter-level travel time spent in this place.
 C = Inter-level travel time spent in this place.
 D = Time resting spent in this place.
 E = Time spent auto-exploring this place.
 F = Levels seen in this place.
 G = Mean time per level.
                   A        B        C        D        E       F      G
               +--------+--------+--------+--------+--------+-----+--------+
         Total |    821 |    821 |      0 |     28 |    206 |   4 |  205.2 |
       Dungeon |    286 |    286 |      0 |     26 |     62 |   3 |   95.3 |
         Sewer |    534 |    534 |      0 |      2 |    143 |   1 |  534.0 |
               +--------+--------+--------+--------+--------+-----+--------+

Top non-repeatable levels by time:
   Sewer: 534 daAuts
     D:4: 204 daAuts
     D:5: 76 daAuts
     D:3: 5 daAuts
